 Dungeon Crawl Stone Soup version 0.31-a0-1589-g8f5e8aebd6 (webtiles) character file.

Game seed: 4357583649956949818

12 Flugslaktarn the Apothecary (level 2, 0/17 HPs)
             Began as an Octopode Alchemist on Jan 6, 2024.
             Slain by Ijyb
             ... wielding a +0 dagger
              (4 damage)
             ... on level 3 of the Dungeon.
             The game lasted 00:00:42 (302 turns).

Flugslaktarn the Apothecary (Octopode Alchemist)     Turns: 302, Time: 00:00:42

Health: 0/17       AC:  1    Str:  7    XL:     2   Next: 33%
Magic:  2/5        EV: 13    Int: 17    God:
Gold:   37         SH:  0    Dex: 12    Spells: 4/5 levels left

rFire   . . .        b - +0 dagger
rCold   . . .        (no shield)
rNeg    . . .        (helmet restricted)
rPois   .            (no amulet)
rElec   .            m - ring of willpower
rCorr   .            (no ring)
SInv    .            (no ring)
Will    +....        (no ring)
Stlth   +++          (no ring)
HPRegen 0.22/turn    (no ring)
MPRegen 0.09/turn    (no ring)
                     (no ring)

%: no passive effects
@: very slightly contaminated
A: almost no armour, amphibious, 8 rings, camouflage 1, gelatinous body 1,
(nimble swimmer 1), tentacles
a: no special abilities


You were on level 3 of the Dungeon.
You visited 1 branch of the dungeon, and saw 4 of its levels.

You collected 37 gold pieces.

Inventory:

Hand Weapons
 b - a +0 dagger (weapon)
   (You took it off a goblin on level 2 of the Dungeon)
 c - a +0 scimitar
   (You found it on level 3 of the Dungeon)
Jewellery
 m - a ring of willpower (left tentacle)
   (You found it on level 3 of the Dungeon)


   Skills:
 - Level 2.0 Dodging
 - Level 2.6 Stealth
 + Level 2.2 Spellcasting
 - Level 1.0 Conjurations
 * Level 3.8 Alchemy


You had 4 spell levels left.
You knew the following spells:

 Your Spells              Type           Power      Damage    Failure   Level
a - Sting                 Conj/Alch      40%        1d5       7%          1

Your spell library contained the following spells:

 Spells                   Type           Power      Damage    Failure   Level
 Mercury Vapours          Alch/Air       16%        N/A       13%         2
 Kiss of Death            Conj/Necr      12%        2d6       16%         1
 Mephitic Cloud           Conj/Alch/Air  7%         N/A       28%         3
 Olgreb's Toxic Radiance  Alch           15%        N/A       36%         4
 Confusing Touch          Hex            1%         N/A       50%         3
 Sticky Flame             Fire/Alch      8%         2d4       63%         4
 Dispel Undead            Necr           1%         3d6       88%         4


Dungeon Overview and Level Annotations

Branches:
Dungeon (4/15)
 Temple: D:4-7

Altars:

Annotations:
D:3 Ijyb


Innate Abilities, Weirdness & Mutations

You cannot wear most types of armour.
You are amphibious.
You can wear up to eight rings at the same time.
Your skin changes colour to match your surroundings (Stealth+).
Your rubbery body absorbs attacks. (AC +1, EV +1)
((You are camouflaged when in or above water. (Stealth+)))
You have tentacles for arms and can constrict up to eight enemies at once.


Message History

Confirm with . or Enter, or press ? or * to list all spells.
Aiming: Sting (safe; 7% risk of failure)
Press: ? - help, Shift-Dir - straight line, f - goblin
Aim: a goblin, wielding a +0 club (asleep, 100% to hit)
You miscast Sting.
You are very lightly contaminated with residual magic.
Nothing appears to happen.
Found 13 gold pieces.
The helpless goblin fails to defend itself.
You puncture the goblin!
You kill the goblin!
No target in view!
Things that are here:
a +0 club; a goblin corpse A goblin comes into view.
It is wielding a +0 club.
Unknown command.
Your magical contamination has completely faded away.
The goblin shouts!
You hear a shout!
A phantom comes into view.
A hobgoblin comes into view.
Casting: Sting (safe; 7% risk of failure)
Confirm with . or Enter, or press ? or * to list all spells.
Aiming: Sting (safe; 7% risk of failure)
Press: ? - help, Shift-Dir - straight line, f - goblin
Aim: a goblin, wielding a +0 club (64% to hit)
The sting hits the goblin.
The goblin is poisoned.
You kill the goblin!
The phantom hits you.
The phantom blinks!
You blink.
You hit the phantom but do no damage. You squeeze the phantom.
The phantom is lightly damaged.
The phantom hits you.
The phantom blinks!
You blink.
Okay, then.
You aren't carrying any scrolls.
Unknown command.
You aren't carrying any scrolls.
Unknown command.
Okay, then.
The phantom barely misses you.
There is a stone staircase leading up here.
You climb upwards.
There is a stone staircase leading down here.
HP restored.
There is a stone staircase leading down here.
Ijyb the Twisted Goblin comes into view.
She is wielding a +0 dagger and carrying a wand of flame.
Unknown command.
Casting: Sting (safe; 7% risk of failure)
Confirm with . or Enter, or press ? or * to list all spells.
Aiming: Sting (safe; 7% risk of failure)
Press: ? - help, Shift-Dir - straight line, f - Ijyb
Aim: Ijyb, wielding a +0 dagger, wearing a +0 chain mail and carrying a wand of flame (asleep, 100% to hit)
The sting hits Ijyb but does no damage.
Ijyb is poisoned.
Ijyb shouts!
Casting: Sting (safe; 7% risk of failure)
Confirm with . or Enter, or press ? or * to list all spells.
Aiming: Sting (safe; 7% risk of failure)
Press: ? - help, Shift-Dir - straight line, f/p - Ijyb
Aim: Ijyb, wielding a +0 dagger, wearing a +0 chain mail and carrying a wand of flame (poisoned, 71% to hit)
The sting hits Ijyb but does no damage.
Ijyb looks even sicker.
Ijyb zaps a wand.
The puff of flame hits you!
Casting: Sting (safe; 7% risk of failure)
Confirm with . or Enter, or press ? or * to list all spells.
Aiming: Sting (safe; 7% risk of failure)
Press: ? - help, Shift-Dir - straight line, f/p - Ijyb
Aim: Ijyb, wielding a +0 dagger, wearing a +0 chain mail and carrying a wand of flame (lightly wounded, very poisoned, 71% to hit)
The sting hits Ijyb.
Ijyb looks even sicker.
Ijyb is lightly wounded.
Ijyb zaps a wand.
The puff of flame hits you!
* * * LOW HITPOINT WARNING * * *
Magic courses through your body.
Casting: Sting (safe; 7% risk of failure)
Confirm with . or Enter, or press ? or * to list all spells.
Aiming: Sting (safe; 7% risk of failure)
Press: ? - help, Shift-Dir - straight line, f/p - Ijyb
Aim: Ijyb, wielding a +0 dagger, wearing a +0 chain mail and carrying a wand of flame (moderately wounded, very poisoned, 71% to hit)
You miscast Sting.
You are very lightly contaminated with residual magic.
Nothing appears to happen.
Casting: Sting (safe; 7% risk of failure)
Confirm with . or Enter, or press ? or * to list all spells.
Aiming: Sting (safe; 7% risk of failure)
Press: ? - help, Shift-Dir - straight line, f/p - Ijyb
Aim: Ijyb, wielding a +0 dagger, wearing a +0 chain mail and carrying a wand of flame (moderately wounded, very poisoned, 71% to hit)
The sting hits Ijyb but does no damage.
Ijyb looks even sicker.
Ijyb is moderately wounded.
A giant cockroach comes into view.
Ijyb hits you with a +0 dagger.
* * * LOW HITPOINT WARNING * * *
Casting: Sting (safe; 7% risk of failure)
Confirm with . or Enter, or press ? or * to list all spells.
Aiming: Sting (safe; 7% risk of failure)
Press: ? - help, Shift-Dir - straight line, f/p - Ijyb
Aim: Ijyb, wielding a +0 dagger, wearing a +0 chain mail and carrying a wand of flame (moderately wounded, very poisoned, 71% to hit)
The sting hits Ijyb but does no damage.
Ijyb looks as sick as possible!
Ijyb is moderately wounded.
Ijyb closely misses you.
You closely miss Ijyb. You grab Ijyb.
Ijyb is moderately wounded.
You constrict Ijyb, but do no damage. The giant cockroach closely misses you.
Ijyb hits you with a +0 dagger.
You die...

## .. ###. #..
########## #g#
#........# # #.#
#........# #
#.####+##........# #
#.g@.............# #
#.B..............# #
#................# #
#................###
#.####.#............
#.# #.#.........###
#.# #.#.#######....
#.# #.#.........##.
#.# #.#......#...#.


You could see Ijyb (extremely poisoned) and a giant cockroach.

Vanquished Creatures
  A dart slug (D:1)
  An endoplasm (D:1)
  4 goblins
  2 hobgoblins (D:1)
8 creatures vanquished.

Notes
Turn   | Place    | Note
-------+----------+-------------------------------------------
     0 | D:1      | Flugslaktarn the Octopode Alchemist began the quest for the
                  | Orb.
     0 | D:1      | Reached XP level 1. HP: 11/11 MP: 3/3
   102 | D:1      | Reached XP level 2. HP: 16/17 MP: 1/5
   228 | D:4      | Noticed a phantom
   291 | D:3      | Noticed Ijyb
   302 | D:3      | Slain by Ijyb

Illustrated notes

Levels and vault maps discovered:
D:1:      minmay_arrival_split_and_join, layout_basic
D:2:      layout_loops_cross, kennysheep_cross_bottleneck, hex_tiny,
          minmay_misc_feat_nine_boxes, uniq_robin, uniq_terence
D:3:      kennysheep_the_goblin_king, layout_basic,
          nicolae_qazlal_general_emergency, hangedman_decor_points,
          kennysheep_generic_room_8, uniq_jessica, uniq_ijyb
D:4:      layout_loops_corners, marbit_many_paths, serial_shops, shop,
          gup_sewer_entry_bowl, serial_glass, glass_columns_a, glass_columns_a,
          serial_bayou_pond_c, minmay_pentomino_pile

Action                     || total
---------------------------++-------
  Melee: Unarmed           ||     8
         Constrict         ||     3
         Punch             ||     1
         Dagger            ||     3
         Tentacles         ||     3
   Cast: Sting             ||    13
    Use: Potion            ||     1
   Stab: Sleeping          ||     1
 Armour: Skin              ||     8
  Dodge: Dodged            ||     7

Table legend: (Time is in decaauts)
 A = Elapsed time spent in this place.
 B = Non-inter-level travel time spent in this place.
 C = Inter-level travel time spent in this place.
 D = Time resting spent in this place.
 E = Time spent auto-exploring this place.
 F = Levels seen in this place.
 G = Mean time per level.
                   A        B        C        D        E       F      G
               +--------+--------+--------+--------+--------+-----+--------+
         Total |    300 |    294 |      6 |      0 |    173 |   4 |   75.0 |
       Dungeon |    300 |    294 |      6 |      0 |    173 |   4 |   75.0 |
               +--------+--------+--------+--------+--------+-----+--------+

Top non-repeatable levels by time:
     D:3: 114 daAuts
     D:1: 112 daAuts
     D:2: 46 daAuts
     D:4: 27 daAuts
